 Dungeon Crawl Stone Soup version 0.30.1-4-g462c640d31 (webtiles) character file.

Game seed: 5995075101895537104

2252 growler the Zephyrmancer (level 9, -1/42 (45) HPs)
             Began as a Tengu Air Elementalist on Aug 29, 2023.
             Slain by a wight
             ... wielding a +3 scimitar
              (5 damage)
             ... on level 6 of the Dungeon on Aug 30, 2023.
             The game lasted 00:21:02 (7786 turns).

growler the Zephyrmancer (Tengu Air Elementalist)   Turns: 7786, Time: 00:21:02

HP:   -1/42 (45)    AC:  2    Str:  8    XL:     9   Next: 37%
MP:   19/19         EV: 15    Int: 19    God:
Gold: 181           SH:  0    Dex: 16    Spells: 10/20 levels left

rFire   . . .        (no weapon)
rCold   . . .        (no shield)
rNeg    . . .        o - +0 robe {Archmagi}
rPois   .            (helmet restricted)
rElec   .            (no cloak)
rCorr   .            (no gloves)
SInv    .            (boots unavailable)
Will    .....        (no amulet)
Stlth   ++           (no ring)
HPRegen 0.27/turn    (no ring)
MPRegen 0.16/turn

%: archmagi
@: flying quickly and evasively, drained, quick
A: beak, talons 3, nimble flight
a: no special abilities


You were on level 6 of the Dungeon.
You visited 1 branch of the dungeon, and saw 6 of its levels.
You also visited: Sewer.

You collected 307 gold pieces.
You spent 126 gold pieces at shops.

Inventory:

Missiles
 s - 2 throwing nets
Armour
 a - a +0 robe
 f - a +0 kite shield
 o - a +0 robe of the Archmagi (worn)
Jewellery
 l - a ring of protection from cold
 t - a ring of positive energy
Wands
 m - a wand of flame (18)
Scrolls
 c - 2 scrolls of blinking
 d - a scroll of teleportation
 e - 4 scrolls of immolation
 g - 2 scrolls of identify
 j - a scroll of fear
 n - a scroll of magic mapping {unknown}
 p - a scroll of noise {unknown}
 q - a scroll of poison {unknown}
Potions
 b - a potion of magic
 h - 3 potions of heal wounds
 i - 2 potions of curing
 k - a potion of mutation
 r - a potion of attraction
 u - a potion of invisibility {unknown}
 v - a potion of degeneration {unknown}


   Skills:
 - Level 2.1 Dodging
 - Level 2.0 Stealth
 - Level 6.0 Spellcasting
 - Level 6.0 Conjurations
 + Level 12.8 Air Magic


You had 10 spell levels left.
You knew the following spells:

 Your Spells              Type           Power      Damage    Failure   Level
a - Shock                 Conj/Air       100%       1d9       1%          1
b - Static Discharge      Conj/Air       100%       2-7/arc   1%          2
c - Swiftness             Air            70%        N/A       1%          3
d - Airstrike             Air            35%        2d(5-21)  1%          4

Your spell library contained the following spells:

 Spells                   Type           Power      Damage    Failure   Level


Dungeon Overview and Level Annotations

Branches:
Dungeon (6/15)              Sewer (visited)
 Temple: D:4-7

Altars:
Wu Jian
Yredelemnul

Shops:
D:2 *   D:4 *   D:5 =


Innate Abilities, Weirdness & Mutations

You have a beak for a mouth.
You have claws for feet.
Your magical nature lets you fly swiftly and evasively.


Message History

You feel a surge of power!
The air twists around and strikes the wight but does no damage.
You feel a surge of power!
The air twists around and strikes the wight!
The wight is heavily damaged.
You feel a surge of power!
The air twists around and strikes the wight!!
You destroy the wight!
You feel a surge of power!
The air twists around and strikes the wight!
The wight is almost destroyed.
You don't have enough magic to cast this spell.
You don't have enough magic to cast this spell.
You already know all available spells.
You already know all available spells.
The wight closely misses you.
You fly upwards.
There is a stone staircase leading down here.
You feel a surge of power!
The air twists around and strikes the wight!!!
You destroy the wight!
You start resting.
An orc wizard comes into view. It is wielding a +0 dagger.
An orc wizard is nearby!
You can't see any susceptible monsters within range! (Use Z to cast anyway.)
You feel a surge of power!
The air twists around and strikes the orc wizard!!
You kill the orc wizard!
You start resting.
Magic restored.
You fly downwards.
The wight hits you with a +1 long sword!
You feel drained. The wight hits you with a +3 scimitar!
There is a stone staircase leading up, spattered with blood here.
You are too injured to fight recklessly!
You are too injured to fight recklessly!
The wight completely misses you. The wight hits you with a +3 scimitar!!
* * * LOW HITPOINT WARNING * * *
You feel drained.
You die...

...# ....
#
#..##.####
... ....#
.).......
#.#...#.#
#.z.....#
#@z......
##......#
#......
..##.# .#
# .# #


You could see 2 wights.

Vanquished Creatures
  Pikel (D:4)
  Grinder (D:3)
  A steam dragon (D:5)
  Menkaure (D:4)
  A black bear (D:3)
  2 ogres
  2 lemures
  2 bullfrogs (Sewer)
  2 gnoll sergeants (D:5)
  2 wights
  A jelly (D:5)
  3 gnoll boudas (D:5)
  A hound (D:5)
  2 iguanas
  A sleepcap (D:5)
  Natasha (thrice) (D:2)
  An orc wizard (D:5)
  19 gnolls
  12 adders
  A dart slug (D:2)
  8 orcs
  3 bats
  6 endoplasms
  13 giant cockroaches
  5 goblins
  8 hobgoblins
  8 quokkas
  18 ball pythons
  17 frilled lizards
  13 kobolds
  6 rats
164 creatures vanquished.

Notes
Turn   | Place    | Note
-------+----------+-------------------------------------------
     0 | D:1      | growler the Tengu Air Elementalist began the quest for the
                  | Orb.
     0 | D:1      | Reached XP level 1. HP: 10/10 MP: 4/4
   259 | D:1      | Reached XP level 2. HP: 15/15 MP: 0/6
   262 | D:1      | Learned a level 2 spell: Static Discharge
   940 | D:2      | Found Piynipuv's Assorted Antiques.
   944 | D:2      | Reached XP level 3. HP: 14/19 MP: 2/7
  1047 | D:2      | Noticed Natasha
  1056 | D:2      | Killed Natasha
  1175 | D:2      | Reached XP level 4. HP: 24/24 MP: 7/9
  1179 | D:2      | Learned a level 3 spell: Swiftness
  1238 | D:2      | Reached skill level 5 in Air Magic
  1597 | D:2      | Noticed Natasha
  1601 | D:2      | Killed Natasha
  1787 | D:2      | Noticed Natasha
  1795 | D:2      | Killed Natasha
  1796 | D:2      | Gained mutation: Your magical nature lets you fly swiftly
                  | and evasively. [Tengu growth]
  1796 | D:2      | Reached XP level 5. HP: 28/28 MP: 2/10
  1801 | D:2      | Learned a level 4 spell: Airstrike
  2093 | D:3      | Noticed Grinder
  2213 | D:3      | Paralysed by Grinder for 4 turns
  2289 | D:3      | Paralysed by Grinder for 2 turns
  2297 | D:3      | Paralysed by Grinder for 2 turns
  2299 | D:3      | Killed Grinder
  2300 | D:3      | Reached skill level 6 in Air Magic
  2300 | D:3      | Reached XP level 6. HP: 15/32 MP: 0/12
  2425 | D:3      | Reached skill level 5 in Conjurations
  3258 | D:3      | Identified the +3 long sword of Agony {freeze, rElec rN++
                  | Dex-4}
  3438 | D:4      | Noticed a black bear
  3448 | D:3      | Killed a black bear
  3449 | D:3      | Reached XP level 7. HP: 7/36 MP: 1/14
  3624 | D:4      | Reached skill level 7 in Air Magic
  3666 | D:4      | Noticed Pikel
  3805 | D:4      | Killed Pikel
  3806 | D:4      | Reached skill level 5 in Spellcasting
  3806 | D:4      | Reached skill level 8 in Air Magic
  3806 | D:4      | Reached XP level 8. HP: 36/41 MP: 1/17
  3874 | D:2      | Bought a glimmering dagger for 126 gold pieces
  3874 | D:2      | Identified the +5 dagger "Niva Donane" {protect, Contam
                  | rN+++ Int-5 Dex+3} (You bought it in a shop on level 2 of
                  | the Dungeon)
  4027 | D:4      | Noticed Menkaure
  4028 | D:4      | Killed Menkaure
  4172 | D:4      | Reached skill level 9 in Air Magic
  4233 | D:4      | Found Uruacab's Assorted Antiques.
  4764 | D:4      | Found a basalt altar of Yredelemnul.
  4773 | D:4      | Found an ornate altar of the Wu Jian Council.
  4908 | D:5      | Entered Level 5 of the Dungeon
  5115 | D:5      | Reached skill level 10 in Air Magic
  5225 | D:5      | Found a glowing drain.
  5237 | Sewer    | Entered a sewer
  5694 | Sewer    | Reached skill level 11 in Air Magic
  6205 | D:5      | Reached XP level 9. HP: 45/45 MP: 6/19
  7088 | D:5      | Reached skill level 12 in Air Magic
  7435 | D:5      | Found Fyr Sahu's Jewellery Boutique.
  7786 | D:6      | Slain by a wight

Illustrated notes

Levels and vault maps discovered:
D:1:      erik_arrival_orb_chamber, layout_basic, hangedman_decor_push,
          corexii_item_surrounded_by_moat
D:2:      layout_loops_ring, serial_shops, nicolae_shop_overgrown_old_shop,
          minmay_pentomino_w4, uniq_natasha
D:3:      layout_loops_corners, uniq_grinder
D:4:      layout_rooms, mainiacjoe_overflow_swirl, serial_shops,
          nicolae_shop_overgrown_old_shop, minivault_5,
          nicolae_underground_beach, uniq_menkaure, uniq_pikel
D:5:      layout_rooms, gup_sewer_entry_glass, serial_shops, shop,
          minmay_statues_item, minmay_misc_feat_iff
D:6:      minmay_klotski, layout_loops_ring, minmay_misc_feat_five,
          minivault_10, roderic_batcave, uniq_duvessa, uniq_blork_the_orc

Skill      XL: |  1  2  3  4  5  6  7  8  9 |
---------------+----------------------------+-----
Conjurations   | 2 3 4 5 6 |  6.0
Air Magic      | 5 6 8 11 12 | 12.8
Spellcasting   | 3 4 5 6 |  6.0
Dodging        | |  2.1
Stealth        | |  2.0

Action                     |  1- 3 |  4- 6 |  7- 9 || total
---------------------------+-------+-------+-------++-------
  Melee: Unarmed           |     9 |     8 |    25 ||    42
         Kick              |     3 |     4 |    10 ||    17
         Peck              |     2 |     2 |     3 ||     7
   Cast: Shock             |    45 |    91 |    26 ||   162
         Static Discharge  |     3 |    13 |    10 ||    26
         Airstrike         |       |       |    99 ||    99
    Use: Scroll            |       |       |     6 ||     6
 Armour: Robe              |     1 |     2 |     3 ||     6
  Dodge: Dodged            |    20 |    26 |    47 ||    93
